 Dungeon Sprint DCSS version 0.31-a0-702-gf82c85558f (webtiles) character file.

Game seed: 7050483108938719159

1198 fingers the Blocker (level 8, -2/57 HPs)
             Began as a Gargoyle Fighter on Sept 8, 2023.
             Was a High Priest of Wu Jian.
             Blown up by an eye of devastation (22 damage)
             ... with a bolt of energy
             ... in the Dungeon (Sprint V: "Ziggurat Sprint").
             The game lasted 00:03:01 (277 turns).

fingers the Blocker (Gargoyle Fighter)               Turns: 277, Time: 00:03:01

Health: -2/57      AC: 34    Str: 33    XL:     8   Next: 44%
Magic:  8/8        EV:  3    Int: 10    God:    Wu Jian [*****.]
Gold:   0          SH: 29    Dex:  9    Spells: 7/7 levels left

rFire   . . .        F - +6 shillelagh "Devastator" {shatter}
rCold   . . .        D - +18 shield of the Gong {Loud rN+ Will+ rCorr EV-5}
rNeg    + + .        C - +15 Maxwell's patent armour {-Cast -Tele rElec Will+ rCorr}
rPois   ∞            (helmet currently unavailable)
rElec   +            (cloak currently unavailable)
rCorr   +            (gloves currently unavailable)
SInv    .            (boots currently unavailable)
Will    ++...        (no amulet) Stlth
                     A - +6 ring of strength
HPRegen 0.29/turn    B - +6 ring of strength
MPRegen 0.11/turn

%: no teleportation, no spellcasting
@: beast-form
A: beast (slay +1), sickness immunity, AC +5, negative energy resistance 1,
electricity resistance, torment resistance 1, petrification resistance
a: Begin Untransformation, Renounce Religion, Wall Jump, Serpent's Lash,
Heavenly Storm


You were in the Dungeon.
You worshipped Wu Jian.
Wu Jian was extremely pleased with you.
You were a hulking beast.
You visited 1 branch

Inventory:

Hand Weapons
 a - a +0 flail
 E - the +7 great mace "Firestarter" {flame, immolate, rFlCloud rF++}
   (You found it in the Dungeon)

   rFlCloud:  It grants immunity to clouds of flame.
   rF++:      It greatly protects you from fire.
 F - the +6 shillelagh "Devastator" (weapon) {shatter}
   (You found it in the Dungeon)
 G - the +10 dark maul {heavy}
   (You found it in the Dungeon)
 H - a +5 demon whip
 I - a +5 great mace
Armour
 b - a +0 scale mail
 c - a +0 buckler
 C - the +15 Maxwell's patent armour (worn) {-Cast -Tele rElec Will+ rCorr}
   (You found it in the Dungeon)

   rElec:     It insulates you from electricity.
   Will+:     It increases your willpower.
   -Cast:     It prevents spellcasting.
   -Tele:     It prevents most forms of teleportation.
   rCorr:     It protects you from acid and corrosion.
 D - the +18 shield of the Gong (worn) {Loud rN+ Will+ rCorr EV-5}
   (You found it in the Dungeon)

   Loud:      It is deafeningly noisy when blocking attacks.
   EV-5:      It affects your evasion (-5).
   rN+:       It protects you from negative energy.
   Will+:     It increases your willpower.
   rCorr:     It protects you from acid and corrosion.
 L - the +6 lightning scales {swift, rElec}
   (You found it in the Dungeon)

   Swift:     It allows the wearer to cover ground more swiftly.
   rElec:     It insulates you from electricity.
Jewellery
 v - a ring of flight
 w - a +6 ring of dexterity
 x - a +6 ring of dexterity
 y - a +6 ring of intelligence
 z - a +6 ring of intelligence
 A - a +6 ring of strength (left hand)
 B - a +6 ring of strength (right hand)
Talismans
 J - a beast talisman (active)
Wands
 s - a wand of mindburst (7)
 t - a wand of iceblast (12)
 u - a wand of quicksilver (7)
Scrolls
 j - 4 scrolls of blinking
 o - 4 scrolls of amnesia
 p - 7 scrolls of fog
 q - 5 scrolls of identify
 r - 2 scrolls of fear
Potions
 d - 6 potions of might
 e - 10 potions of curing
 f - 18 potions of heal wounds
 g - 6 potions of haste
 h - 7 potions of magic
 i - 3 potions of berserk rage
 k - 2 potions of brilliance
 l - 2 potions of invisibility
 m - 4 potions of resistance
 n - a potion of experience
Miscellaneous
 K - a phantom mirror


   Skills:
 + Level 9.9 Fighting
 + Level 9.3 Maces & Flails
 + Level 8.7 Armour
 + Level 0.8 Dodging
 + Level 11.7 Shields
 + Level 0.2 Evocations
 + Level 2.9 Shapeshifting


You had 7 spell levels left.
You didn't know any spells.
Your spell library contained the following spells:

 Spells                   Type           Power      Damage    Failure   Level
 Mephitic Cloud           Conj/Pois/Air  0%         N/A       100%        3
 Ozocubu's Armour         Ice            0%         N/A       100%        3
 Animate Dead             Necr           0%         N/A       100%        4
 Manifold Assault         Tloc           0%         N/A       100%        4
 Dispersal                Tloc           0%         N/A       100%        6
 Simulacrum               Ice/Necr       0%         N/A       100%        6
 Haunt                    Necr/Summ      0%         N/A       100%        7
 Ozocubu's Refrigeration  Ice            0%         4d7       100%        7
 Disjunction              Tloc           0%         N/A       100%        8
 Infestation              Necr           0%         N/A       100%        8
 Polar Vortex             Ice            0%         N/A       100%        9


Dungeon Overview and Level Annotations

Branches:
Dungeon (1/1)

Altars:
Ashenzari
Cheibriados
Dithmenos
Elyvilon
Fedhas
Gozag
Hepliaklqana
Kikubaaqudgha
Makhleb
Nemelex Xobeh
Okawaru
Qazlal
Ru
Sif Muna
Trog
Uskayaw
Vehumet
Wu Jian
Xom
Yredelemnul
Zin
The Shining One
Jiyva
Lugonu

Annotations:
D 1 transporter


Innate Abilities, Weirdness & Mutations

You are a hulking beast.
Your limbs bulge with bestial killing power. (Slay +1)
You are immune to sickness and miasma.
Your stone body is resilient. (AC +5)
You are immune to poison.
You resist negative energy. (rN+)
You are resistant to electric shocks. (rElec)
You are resistant to unholy torment.
You are immune to petrification.


Message History

The Council accepts your kill.
You kill the jelly!
The Council accepts your kill. The jelly hits you but does no damage.
You spin and attack the eye of devastation.
You completely miss the eye of devastation.
The eye of devastation is lightly wounded.
You spin and attack the jelly.
You hit the jelly.
You kill the jelly!
The Council accepts your kill.
You bludgeon the eye of devastation!!
The eye of devastation shudders.
The eye of devastation is moderately wounded. x2
The eye of devastation gazes at you. The bolt of energy hits you!
You lunge at the eye of devastation, in a flurry of attacks.
You hit the eye of devastation but do no damage.
The eye of devastation is moderately wounded.
You hit the eye of devastation.
The eye of devastation shudders.
The eye of devastation is heavily wounded.
The eye of devastation gazes at you. The bolt of energy misses you.
You hit the eye of devastation but do no damage.
The eye of devastation is moderately wounded.
You sock the eye of devastation!
The eye of devastation shudders.
The eye of devastation is heavily wounded. x2
You hit the eye of devastation but do no damage.
The eye of devastation is heavily wounded.
You sock the eye of devastation!
The eye of devastation shudders.
The eye of devastation is severely wounded.
You hit the eye of devastation.
The eye of devastation shudders.
The eye of devastation is severely wounded.
You hit the eye of devastation.
The eye of devastation shudders.
The eye of devastation is almost dead.
The eye of devastation gazes at you. The bolt of energy hits you!!
You hit the eye of devastation but do no damage.
The eye of devastation is almost dead.
The eye of devastation gazes at you. The bolt of energy hits you!!
You die...

▓.▓.†..▓.▓........▓
▓...©....▓...©....▓
▓▓▓▓▓▓▓▓▓▓▓▓▓▓▓▓▓▓▓
▓..8©8..▓ ▓..:)"..▓
▓..))%..▓ ▓.......▓
▓.......▓ ▓..Gh...▓
▓.......▓ ▓.▓...▓.▓
▓...©...▓ ▓▓▓▓▓▓▓▓▓


You could see an eye of devastation.

Vanquished Creatures
  A tarantella (D)
  A floating eye (D)
  4 water moccasins (D)
  A hell hound (D)
  3 scorpions (D)
  5 jellies (D)
  3 adders (D)
  A white imp (D)
  A bat zombie (D)
  An endoplasm (D)
  2 ball pythons (D)
23 creatures vanquished.

Notes
Turn   | Place    | Note
-------+----------+-------------------------------------------
     0 | D        | fingers the Gargoyle Fighter began the quest for the Orb.
     0 | D        | Reached XP level 1. HP: 14/14 MP: 1/1
     0 | D        | Found a shimmering blue altar of Sif Muna.
     0 | D        | Found a bloodstained altar of Trog.
     0 | D        | Found a sacrificial altar of Ru.
     0 | D        | Found a stormy altar of Qazlal.
     0 | D        | Found an iron altar of Okawaru.
     1 | D        | Found a sparkling altar of Nemelex Xobeh.
     1 | D        | Found a blossoming altar of Fedhas.
     1 | D        | Found the +6 Majin-Bo {spellvamp, MP+6 Int+6}
     1 | D        | Found the +27 heavy crossbow "Sniper" {heavy, Acc+∞ SInv}
     1 | D        | Found the +10 dark maul {heavy}
     1 | D        | Found the +15 Maxwell's patent armour {-Cast -Tele rElec
                  | Will+ rCorr}
     1 | D        | Found the +18 shield of the Gong {Loud rN+ Will+ rCorr
                  | EV-5}
     1 | D        | Found the +16 obsidian axe {drain, demonic, Mesm Drain Fly
                  | SInv}
     1 | D        | Found the +7 great mace "Firestarter" {flame, immolate,
                  | rFlCloud rF++}
     1 | D        | Found the +6 shillelagh "Devastator" {shatter}
     1 | D        | Found the +11 plutonium sword {Contam Stlth-}
     1 | D        | Found the +8 lance "Wyrmbane" {slay drac, rPois rF+ rC+
                  | AC+3}
     1 | D        | Found the +9 sword of Zonguldrok {reap}
     1 | D        | Found the +13 scythe of Curses {drain, curses, Drain}
     1 | D        | Found the +9 sword of Power {lifebolt}
     1 | D        | Found the +7 mace of Variability {chaos, chaos arc}
     1 | D        | Found the +11 Singing Sword {sonic wave}
     1 | D        | Found the +8 storm bow {elec, penet}
     3 | D        | Found a transporter.
     3 | D        | Found an ancient bone altar of Kikubaaqudgha.
     3 | D        | Found a viscous altar of Jiyva.
     3 | D        | Found a corrupted altar of Lugonu.
     3 | D        | Found a hazy altar of Hepliaklqana.
     3 | D        | Found a burning altar of Makhleb.
     3 | D        | Found an opulent altar of Gozag.
    99 | D        | Became a worshipper of the Wu Jian Council
   127 | D        | Entered arena 2.
   127 | D        | Noticed a floating eye
   127 | D        | Noticed a jelly
   127 | D        | Found a transporter.
   133 | D        | Paralysed by a floating eye for 2 turns
   135 | D        | Killed a jelly
   136 | D        | Reached skill level 4 in Shields
   136 | D        | Reached XP level 2. HP: 16/20 MP: 2/2
   136 | D        | Reached XP level 3. HP: 20/25 MP: 3/3
   137 | D        | Paralysed by a floating eye for 2 turns
   140 | D        | Killed a floating eye
   141 | D        | Reached skill level 6 in Shields
   141 | D        | Reached XP level 4. HP: 28/32 MP: 4/4
   141 | D        | Reached XP level 5. HP: 32/37 MP: 5/5
   166 | D        | Entered arena 3.
   166 | D        | Noticed a hell hound
   166 | D        | Found a transporter.
   175 | D        | Killed a hell hound
   175 | D        | Reached * piety under Wu Jian
   176 | D        | Reached skill level 5 in Maces & Flails
   176 | D        | Reached skill level 7 in Shields
   176 | D        | Reached skill level 1 in Shapeshifting
   176 | D        | Reached XP level 6. HP: 42/44 MP: 6/6
   188 | D        | Entered arena 4.
   188 | D        | Noticed a water moccasin
   188 | D        | Noticed a water moccasin
   188 | D        | Found a transporter.
   194 | D        | Killed a water moccasin
   194 | D        | Reached ** piety under Wu Jian
   195 | D        | Reached skill level 8 in Shields
   197 | D        | Killed a water moccasin
   198 | D        | Reached skill level 9 in Shields
   198 | D        | Reached XP level 7. HP: 50/50 MP: 7/7
   209 | D        | Entered arena 5.
   209 | D        | Noticed a tarantella
   209 | D        | Found a transporter.
   212 | D        | Reached *** piety under Wu Jian
   216 | D        | Killed a tarantella
   217 | D        | Reached skill level 10 in Shields
   226 | D        | Reached XP level 8. HP: 56/56 MP: 8/8
   230 | D        | Got Omogub's Volume of the Crevasse and Intoxication
   233 | D        | Entered arena 6.
   233 | D        | Found the +6 lightning scales {swift, rElec}
   233 | D        | Found a transporter.
   235 | D        | Reached **** piety under Wu Jian
   237 | D        | Reached skill level 11 in Shields
   260 | D        | Entered arena 7.
   260 | D        | Noticed an eye of devastation
   261 | D        | Found a transporter.
   264 | D        | Reached ***** piety under Wu Jian
   277 | D        | Blown up by an eye of devastation

Illustrated notes

Levels and vault maps discovered:
D:        sprint_v [room_start, room_1, room_2, room_3, room_4, room_5, room_6,
          room_7, room_8, room_9, room_10, room_11, room_12, room_13, room_14,
          room_15, room_16, room_17, room_18, room_19, room_20, room_21,
          room_22, room_23, room_24, room_25, room_26, room_27]

Skill      XL: |  1  2  3  4  5  6  7  8 |
---------------+-------------------------+-----
Fighting       | 4 6 7 8 9 |  9.9
Armour         | 4 6 7 8 |  8.7
Shields        | 4 6 7 9 10 11 | 11.7
Maces & Flails | 4 5 6 8 9 |  9.3
Shapeshifting  | 1 2 |  2.9
Dodging        | |  0.8
Evocations     | |  0.2

Action                     |  1- 3 |  4- 6 |  7- 9 || total
---------------------------+-------+-------+-------++-------
  Melee: Demon whip        |     9 |    22 |    20 ||    51
         Shillelagh        |       |       |    20 ||    20
Ability: Lunge             |       |     1 |     2 ||     3
         Whirlwind         |       |     6 |     9 ||    15
  Evoke: Phantom mirror    |       |       |     1 ||     1
 Armour: Plate armour      |     2 |    19 |     8 ||    29
  Dodge: Dodged            |     1 |     3 |     2 ||     6
  Block: Kite shield       |     5 |    40 |    29 ||    74
   Form: Beast             |     1 |       |     1 ||     2
                           |       |       |     1 ||     1

Table legend: (Time is in decaauts)
 A = Elapsed time spent in this place.
 B = Non-inter-level travel time spent in this place.
 C = Inter-level travel time spent in this place.
 D = Time resting spent in this place.
 E = Time spent auto-exploring this place.
 F = Levels seen in this place.
 G = Mean time per level.
                   A        B        C        D        E       F      G
               +--------+--------+--------+--------+--------+-----+--------+
         Total |    271 |    271 |      0 |      0 |     19 |   1 |  271.0 |
       Dungeon |    271 |    271 |      0 |      0 |     19 |   1 |  271.0 |
               +--------+--------+--------+--------+--------+-----+--------+

Top non-repeatable levels by time:
       D: 271 daAuts
